 Dungeon Crawl Stone Soup version 0.29.1-15-g9cfb28693d (webtiles) character file.

Game seed: 16678775180276341886

53 Barneous the Sneak (level 3, -1/23 HPs)
             Began as an Octopode Wanderer on Mar 13, 2023.
             Slain by Grinder (3 damage)
             ... on level 3 of the Dungeon.
             The game lasted 00:05:16 (1688 turns).

Barneous the Sneak (Octopode Wanderer)              Turns: 1688, Time: 00:05:16

Health: -1/23      AC:  1    Str:  8    XL:     3   Next: 87%
Magic:  4/4        EV: 12    Int: 17    God:
Gold:   79         SH:  4    Dex: 13    Spells: 3/4 levels left

rFire   . . .      SeeInvis .   a - +3 dagger (vorpal)
rCold   . . .      Faith    .   c - +0 buckler
rNeg    . . .      Spirit   .   (helmet restricted)
rPois   .          Reflect  .   (no amulet)
rElec   .          Harm     .   (no ring)
rCorr   .          Rampage  .   (no ring)
Will    .....                   (no ring)
Stlth   +++.......              (no ring)
HPRegen 0.07/turn               (no ring)
MPRegen 0.09/turn               (no ring)
                                (no ring)
                                (no ring)

@: on berserk cooldown, slowed, very slow
A: almost no armour, amphibious, 8 rings, camouflage 1, gelatinous body 1,
(nimble swimmer 1), tentacles
a: no special abilities


You were on level 3 of the Dungeon.
You visited 1 branch of the dungeon, and saw 3 of its levels.

You collected 79 gold pieces.

Inventory:

Hand Weapons
 a - a +3 vorpal dagger (weapon)
Armour
 c - a +0 buckler (worn)
Jewellery
 g - a ring of ice
Wands
 f - a wand of charming (9)
Scrolls
 e - 2 scrolls of teleportation
 h - a scroll of identify
Potions
 d - a potion of invisibility
 i - a potion of brilliance


   Skills:
 + Level 1.3 Fighting
 + Level 0.7 Short Blades
 + Level 1.3 Throwing
 + Level 1.5 Dodging
 + Level 3.3 Stealth
 + Level 2.1 Shields
 + Level 0.7 Unarmed Combat
 + Level 1.2 Spellcasting
 + Level 1.3 Conjurations
 + Level 1.5 Evocations


You had 3 spell levels left.
You knew the following spells:

 Your Spells              Type           Power      Damage    Failure   Level
b - Magic Dart            Conj           20%        1d4       16%         1

Your spell library contained the following spells:

 Spells                   Type           Power      Damage    Failure   Level
 Searing Ray              Conj           10%        2d4       24%         2
 Static Discharge         Conj/Air       3%         3-4/arc   32%         2
 Fulminant Prism          Conj/Hex       1%         3d6       91%         4


Dungeon Overview and Level Annotations

Branches:
Dungeon (3/15)

Altars:

Annotations:
D:3 Grinder


Innate Abilities, Weirdness & Mutations

You cannot wear most types of armour.
You are amphibious.
You can wear up to eight rings at the same time.
Your skin changes colour to match your surroundings (Stealth+).
Your rubbery body absorbs attacks. (AC +1, EV +1)
((You are camouflaged when in or above water. (Stealth+)))
You have tentacles for arms and can constrict up to eight enemies at once.


Message History

Found a scroll of vulnerability.
Found a flail.
Found an escape hatch in the floor.
Grinder comes into view.
Grinder shouts!
Grinder gestures at you.
You suddenly lose the ability to move!
Grinder hits you!
You writhe in agony.
Grinder hits you!
* * * LOW HITPOINT WARNING * * *
You writhe in agony.
* * * LOW HITPOINT WARNING * * *
You can move again.
A red film seems to cover your vision as you go berserk!
You feel yourself moving faster!
You feel mighty! You block Grinder's attack.
You are too berserk!
You are too berserk!
You are too berserk!
You puncture Grinder! You grab Grinder.
Grinder is moderately wounded.
You constrict Grinder, but do no damage.
You puncture Grinder!
Grinder is severely wounded.
You constrict Grinder, but do no damage.
Grinder blinks free!
You are too berserk!
You feel a strong urge to attack something.
You hit Grinder. Your grab misses Grinder.
Grinder is almost dead.
Grinder blinks!
You feel a strong urge to attack something.
You are no longer berserk.
You are exhausted.
You feel yourself slow down.
Grinder blinks!
You see here a +0 flail.
You hit Grinder but do no damage. You grab Grinder.
Grinder is almost dead.
You constrict Grinder, but do no damage.
Grinder hits you.
You die...

#.....# #.....# #
#.....## ### ##### ##.
#...... ..# #....
#...#.....## #.# #....
#..........#####.# #....
#.......##.##.##.###....
#....@5...............
#..§>.##.......###....
#.....##.##..#.# #...†
#.....##.##.?#.# ####.
#.....##.##..#.# #.
#.....##.##..#.# #.
####.###.....#.# #. #.
......#.# #. ######.


You could see Grinder.

Vanquished Creatures
  An adder (D:2)
  A dart slug (D:2)
  4 bats
  3 endoplasms
  7 goblins
  6 hobgoblins
  5 ball pythons
  5 frilled lizards
  4 kobolds (D:1)
  3 rats (D:1)
39 creatures vanquished.

Notes
Turn   | Place    | Note
-------+----------+-------------------------------------------
     0 | D:1      | Barneous the Octopode Wanderer began the quest for the Orb.
     0 | D:1      | Barneous set off with the following items: a +2 dagger, a
                  | potion of berserk rage, a +0 buckler, a potion of
                  | invisibility; and the following spells available to
                  | memorise: Searing Ray, Static Discharge.
     0 | D:1      | Reached XP level 1. HP: 13/13 MP: 2/2
   243 | D:1      | Reached XP level 2. HP: 18/18 MP: 3/3
   246 | D:1      | Learned a level 2 spell: Searing Ray
   637 | D:1      | Learned a level 1 spell: Magic Dart
   754 | D:2      | Reached skill level 3 in Stealth
   863 | D:2      | Reached XP level 3. HP: 23/23 MP: 4/4
  1462 | D:2      | Found a faded altar of an unknown god.
  1675 | D:3      | Noticed Grinder
  1676 | D:3      | Paralysed by Grinder for 4 turns
  1679 | D:3      | HP: 1/23 [Grinder (1)]
  1688 | D:3      | Slain by Grinder

Illustrated notes

Levels and vault maps discovered:
D:1:      dpeg_arrival_tiny_j, layout_loops_ring, corexii_leaking_fountain
D:2:      layout_basic, hellmonk_ecumenical_altar_lost_god, grunt_ministairs_13,
          kennysheep_generic_room_14
D:3:      layout_basic, nicolae_qazlal_style_of_elements,
          mainiacjoe_overflow_divided_tiny, uniq_grinder

Skill      XL: |  1  2 |
---------------+-------+-----
Stealth        | 3 |  3.3
Fighting       | |  1.3
Short Blades   | |  0.7
Throwing       | |  1.3
Dodging        | |  1.5
Shields        | |  2.1
Unarmed Combat | |  0.7
Spellcasting   | |  1.2
Conjurations   | |  1.3
Evocations     | |  1.5

Action                   || total
-------------------------++-------
Melee: Dagger            ||    57
       Tentacles         ||     6
       Constrict         ||    11
 Cast: Searing Ray       ||     1
       Magic Dart        ||    11
  Use: Scroll            ||     7
       Potion            ||     4
 Stab: Sleeping          ||    12
       Distracted        ||     1
Armor: Skin              ||     1
Dodge: Dodged            ||    19
Block: Buckler           ||     4
